AoeStats
← ndf14685

Arena

504490167Analyzed
2v2 RM · 27d ago on Sep 5, 2026· 60m 44s· 4 players
Game mode
Random Map
Map size
Medium (4 player)
Population
200
Speed
Normal
Resources
Standard
Victory
Conquest
Starting age
Dark Age
Ending age
Imperial Age
RankedLock teamsTeams togetherTeam positionsShared explorationLock speedFull tech treeHidden civsTurbo modeCheats
Victory
Defeat
🇺🇸 Khmer · United States
1057
+14
🇦🇷 Franks · Argentina
1012
+16
🇦🇷 Vietnamese · Argentina
1056
-17
🇦🇷 Teutons · Argentina
973
-13
zeta27
12:22 Feudal Age
12:29 Feudal Age
13:45 Double-Bit Axe
13:44 Horse Collar
14:11 Gold Mining
14:19 Loom
16:35 Castle Age
18:24 Bow Saw
19:41 Wheelbarrow
18:31 Pikeman
21:03 Stone Mining
22:26 Scale Barding Armor
24:48 Heavy Plow
26:04 Town Watch
28:22 Coinage
28:12 Squires
28:40 Chain Barding Armor
29:36 Bloodlines
30:02 Sanctity
29:57 Fervor
30:51 Ironclad
32:21 Redemption
37:33 Scale Mail Armor
38:20 Hand Cart
38:06 Town Patrol
38:25 Fortified Wall
38:37 Ballistics
42:22 Imperial Age
41:10 Chain Mail Armor
43:23 Masonry
42:35 Halberdier
44:32 Plate Mail Armor
45:13 Chemistry
45:39 Forging
50:26 Elite Teutonic Knight
51:32 Cavalier
52:50 Plate Barding Armor
56:00 Iron Casting
ndf14685
5:13 Loom
9:33 Feudal Age
8:47 Loom
17:07 Castle Age
18:23 Town Watch
19:32 Forging
20:48 Double-Bit Axe
29:29 Chatras
35:18 Bloodlines
35:08 Husbandry
35:34 Pikeman
36:15 Squires
37:48 Fletching
38:02 Scale Mail Armor
39:04 Bow Saw
42:14 Iron Casting
41:56 Chain Mail Armor
45:44 Crossbowman
45:45 Elite Skirmisher
47:58 Fortified Wall
47:45 Murder Holes
51:21 Imperial Age
49:41 Ballistics
53:53 Halberdier
55:31 Thumb Ring
56:59 Arbalester
57:54 Town Patrol
58:29 Wheelbarrow
58:24 Imperial Skirmisher
58:47 Elite Fire Lancer
Marcin
11:41 Feudal Age
12:36 Double-Bit Axe
17:47 Castle Age
16:25 Gold Mining
19:34 Stone Mining
19:56 Bow Saw
29:16 Imperial Age
29:10 Masonry
28:53 Town Watch
34:41 Wheelbarrow
41:54 Chemistry
41:16 Gold Mining
44:37 Hand Cart
46:32 Ballistics
55:46 Coinage
57:10 Banking
wordliner88
11:59 Feudal Age
15:14 Castle Age
14:56 Horse Collar
15:04 Double-Bit Axe
15:57 Wheelbarrow
16:52 Bow Saw
16:58 Heavy Plow
29:01 Stone Mining
29:03 Gold Mining
32:40 Imperial Age
29:58 Loom
30:34 Hand Cart
30:07 Loom
30:11 Town Watch
33:04 Bloodlines
32:55 Husbandry
34:07 Elite Battle Elephant
36:54 Tusk Swords
38:49 Scale Barding Armor
38:55 Forging
39:33 Scale Barding Armor
40:00 Conscription
52:57 Light Cavalry
Connection lost

Rejoining the realm…

Still unreachable

The connection could not be restored.

Session expired

The server has moved on; the page needs a fresh start.